PL
BOSTON PATRIOTS @ BROOKLYN DODGERS
08/15/2029
 
TOP OF THE 1ST
Boston Patriots batting - Pitching for Brooklyn Dodgers : RHP Víctor García
Pitching: RHP Víctor García
Batting: LHB Ramón Félix 0-0: Called Strike
0-1: Ball
1-1: Called Strike
1-2: Strikes out swinging
Batting: RHB Tamasaburo Kato 0-0: Fly out, F9 (Flyball, 9LS)
Batting: RHB Tommy Jones 0-0: Foul Ball, location: 2F
0-1: Ball
1-1: Foul Ball, location: 2F
1-2: Ball
2-2: Strikes out swinging, 2-3 out at first.
Top of the 1st over - 0 runs, 0 hits, 0 errors, 0 left on base; Boston 0 - Brooklyn 0
BOTTOM OF THE 1ST
Brooklyn Dodgers batting - Pitching for Boston Patriots : RHP José García
Pitching: RHP José García
Batting: LHB Ki-tak Im 0-0: Ball
1-0: Called Strike
1-1: Ball
2-1: Foul Ball, location: 2F
2-2: SINGLE (Groundball, 34D)
Batting: LHB Mysterious Walker 0-0: Called Strike
0-1: Foul Ball, location: 2F
0-2: Ball
1-2: Strikes out swinging
Batting: LHB Jérôme Masson 0-0: SINGLE (Groundball, 34S) (infield hit)
Ki-tak Im to second
Batting: LHB Manuel Carmona 0-0: Ball
1-0: Swinging Strike
1-1: Ball
2-1: SINGLE (Groundball, 34D)
Ki-tak Im to third
Jérôme Masson to second
Runner from 3rd tries for Home, throw and OUT!
Batting: RHB Brent Ryan 0-0: Foul Ball, location: 2F
0-1: Ball
1-1: Ball
2-1: Ball
3-1: Foul Ball, location: 2F
3-2: Base on Balls
Jérôme Masson to third
Manuel Carmona to second
Batting: RHB Ulbert Sutkamp 0-0: Swinging Strike
0-1: Ball
1-1: Fly out, F4 (Popup, 34S)
Bottom of the 1st over - 0 runs, 3 hits, 0 errors, 3 left on base; Boston 0 - Brooklyn 0
TOP OF THE 2ND
Boston Patriots batting - Pitching for Brooklyn Dodgers : RHP Víctor García
Batting: RHB Sotaro Sakata 0-0: Called Strike
0-1: Swinging Strike
0-2: Strikes out swinging
Batting: LHB Bill Chambers 0-0: Foul Ball, location: 2F
0-1: Ball
1-1: Foul Ball, location: 2F
1-2: Foul Ball, location: 2F
1-2: Ball
2-2: Ball
3-2: Base on Balls
Batting: RHB Terry Armstrong 0-0: Foul Ball, location: 2F
0-1: Ground out 6-3 (Groundball, 56D)
Bill Chambers to second
Batting: LHB Alberto Enríquez 0-0: Foul Ball, location: 2F
0-1: SINGLE (Groundball, 3D)
Bill Chambers to third
Runner from 3rd tries for Home, SAFE, no throw
Batting: LHB Timmy Appeldoorn 0-0: Called Strike
0-1: SINGLE (Flyball, 9S)
Alberto Enríquez to second
Runner from 2nd tries for 3rd, SAFE, no throw
Batting: RHB Eddie O'Bryan 0-0: Swinging Strike
0-1: SINGLE (Line Drive, 34)
Alberto Enríquez scores
Timmy Appeldoorn to second
Runner from 2nd tries for 3rd, SAFE, no throw
Batting: LHB Ramón Félix Pickoff Throw to First - Out!
Top of the 2nd over - 2 runs, 3 hits, 0 errors, 1 left on base; Boston 2 - Brooklyn 0
BOTTOM OF THE 2ND
Brooklyn Dodgers batting - Pitching for Boston Patriots : RHP José García
Batting: SHB Juan Rivas 0-0: Foul Ball, location: 2F
0-1: Called Strike
0-2: Strikes out swinging
Batting: RHB Chandler Bailey 0-0: Foul Ball, location: 2F
0-1: Foul Ball, location: 2F
0-2: Foul Ball, location: 2F
0-2: Ground out 6-3 (Groundball, 6)
Batting: RHB Vincent Crane 0-0: Ball
1-0: Foul Ball, location: 2F
1-1: Swinging Strike
1-2: Strikes out swinging
Bottom of the 2nd over - 0 runs, 0 hits, 0 errors, 0 left on base; Boston 2 - Brooklyn 0
TOP OF THE 3RD
Boston Patriots batting - Pitching for Brooklyn Dodgers : RHP Víctor García
Batting: LHB Ramón Félix 0-0: Called Strike
0-1: Ball
1-1: Ball
2-1: Ground out 5-3 (Groundball, 5L)
Batting: RHB Tamasaburo Kato 0-0: Called Strike
0-1: Ball
1-1: Ball
2-1: Ground out 5-3 (Groundball, 56)
Batting: RHB Tommy Jones 0-0: Ball
1-0: Foul Ball, location: 2F
1-1: Ball
2-1: Ball
3-1: Ground out 6-3 (Groundball, 6)
Top of the 3rd over - 0 runs, 0 hits, 0 errors, 0 left on base; Boston 2 - Brooklyn 0
BOTTOM OF THE 3RD
Brooklyn Dodgers batting - Pitching for Boston Patriots : RHP José García
Batting: LHB Ki-tak Im 0-0: Foul Ball, location: 2F
0-1: Foul Ball, location: 2F
0-2: Ground out U3 (Groundball, 3)
Batting: LHB Mysterious Walker 0-0: Called Strike
0-1: Ball
1-1: Ball
2-1: Swinging Strike
2-2: Ball
3-2: Strikes out swinging
Batting: LHB Jérôme Masson 0-0: Hit by Pitch
Batting: LHB Manuel Carmona 0-0: Swinging Strike
0-1: Ball
1-1: Foul Ball, location: 2F
1-2: Ball
2-2: Ball
3-2: DOUBLE (Line Drive, 7LM)
Jérôme Masson to third
Jérôme Masson scores
Batting: RHB Brent Ryan 0-0: Called Strike
0-1: Foul Ball, location: 2F
0-2: Strikes out looking
Bottom of the 3rd over - 1 run, 1 hit, 0 errors, 1 left on base; Boston 2 - Brooklyn 1
TOP OF THE 4TH
Boston Patriots batting - Pitching for Brooklyn Dodgers : RHP Víctor García
Batting: RHB Sotaro Sakata 0-0: SOLO HOME RUN (Flyball, 7LD), Distance : 344 ft
Batting: LHB Bill Chambers 0-0: Ball
1-0: Called Strike
1-1: Ball
2-1: Ground out 5-3 (Groundball, 5)
Batting: RHB Terry Armstrong 0-0: Foul Ball, location: 2F
0-1: Ball
1-1: Ball
2-1: Ball
3-1: Ground out 5-3 (Groundball, 56)
Batting: LHB Alberto Enríquez 0-0: Ball
1-0: Ball
2-0: SINGLE (Line Drive, 8RS)
Batting: LHB Timmy Appeldoorn 0-0: SINGLE (Line Drive, 4D)
Alberto Enríquez to second
Runner from 2nd tries for 3rd, SAFE, no throw
Batting: RHB Eddie O'Bryan 0-0: Swinging Strike
0-1: Ball
1-1: Foul Ball, location: 2F
1-2: Strikes out swinging
Top of the 4th over - 1 run, 3 hits, 0 errors, 2 left on base; Boston 3 - Brooklyn 1
BOTTOM OF THE 4TH
Brooklyn Dodgers batting - Pitching for Boston Patriots : RHP José García
Batting: RHB Ulbert Sutkamp 0-0: Called Strike
0-1: Ball
1-1: Ball
2-1: Called Strike
2-2: Ball
3-2: Base on Balls
Batting: SHB Juan Rivas 0-0: Ball
Ulbert Sutkamp steals 2nd base
1-0: Called Strike
1-1: Ball
2-1: SINGLE (Groundball, 3D)
Ulbert Sutkamp to third
Batting: RHB Chandler Bailey 0-0: Called Strike
0-1: Ball
1-1: Called Strike
Juan Rivas steals 2nd base
1-2: Ball
2-2: Ground out 4-3 (Groundball, 4)
Ulbert Sutkamp scores
Juan Rivas to third
Batting: RHB Vincent Crane 0-0: Called Strike
0-1: Ball
1-1: Foul Ball, location: 2F
1-2: Ball
2-2: Ball
3-2: Ground out 1-3 (Groundball, 13)
Batting: LHB Ki-tak Im 0-0: Called Strike
0-1: Ball
1-1: Ground out 6-3 (Groundball, 6)
Bottom of the 4th over - 1 run, 1 hit, 0 errors, 1 left on base; Boston 3 - Brooklyn 2
TOP OF THE 5TH
Boston Patriots batting - Pitching for Brooklyn Dodgers : RHP Víctor García
Batting: LHB Ramón Félix 0-0: Foul Ball, location: 2F
0-1: Ball
1-1: Fly out, F8 (Flyball, 8RM)
Batting: RHB Tamasaburo Kato 0-0: Ball
1-0: Foul Ball, location: 2F
1-1: Called Strike
1-2: Foul Ball, location: 2F
1-2: Ball
2-2: Foul Ball, location: 2F
2-2: Foul Ball, location: 2F
2-2: Ground out 5-3 (Groundball, 5L)
Batting: RHB Tommy Jones 0-0: Ground out 1-3 (Groundball, P)
Top of the 5th over - 0 runs, 0 hits, 0 errors, 0 left on base; Boston 3 - Brooklyn 2
BOTTOM OF THE 5TH
Brooklyn Dodgers batting - Pitching for Boston Patriots : RHP José García
Batting: LHB Mysterious Walker 0-0: Swinging Strike
0-1: Foul Ball, location: 2F
0-2: Ball
1-2: Strikes out swinging
Batting: LHB Jérôme Masson 0-0: Hit by Pitch
Batting: LHB Manuel Carmona 0-0: Fly out, F9 (Flyball, 9)
Batting: RHB Brent Ryan 0-0: Called Strike
0-1: Fly out, F8 (Flyball, 8LM)
Bottom of the 5th over - 0 runs, 0 hits, 0 errors, 1 left on base; Boston 3 - Brooklyn 2
TOP OF THE 6TH
Boston Patriots batting - Pitching for Brooklyn Dodgers : RHP Víctor García
Batting: RHB Sotaro Sakata 0-0: Fly out, F9 (Flyball, 9)
Batting: LHB Bill Chambers 0-0: Ball
1-0: SINGLE (Groundball, 56D)
Batting: RHB Terry Armstrong 0-0: Ball
1-0: Ball
2-0: Called Strike
2-1: Called Strike
2-2: Ball
3-2: Base on Balls
Bill Chambers to second
Batting: LHB Alberto Enríquez 0-0: Ball
1-0: Swinging Strike
1-1: Grounds into double play, 4-6-3 (Groundball, 4)
Top of the 6th over - 0 runs, 1 hit, 0 errors, 1 left on base; Boston 3 - Brooklyn 2
BOTTOM OF THE 6TH
Brooklyn Dodgers batting - Pitching for Boston Patriots : RHP José García
Batting: RHB Ulbert Sutkamp 0-0: Swinging Strike
0-1: Ball
1-1: Swinging Strike
1-2: Ball
2-2: Foul Ball, location: 2F
2-2: Strikes out looking
Batting: SHB Juan Rivas 0-0: Ground out 4-3 (Groundball, 4)
Batting: RHB Chandler Bailey 0-0: Ball
1-0: Ball
2-0: SINGLE (Line Drive, 6D)
Batting: RHB Vincent Crane 0-0: Called Strike
0-1: Ball
1-1: Ball
2-1: Ball
3-1: Base on Balls
Chandler Bailey to second
Batting: LHB Ki-tak Im 0-0: Ground out U3 (Groundball, 3L)
Bottom of the 6th over - 0 runs, 1 hit, 0 errors, 2 left on base; Boston 3 - Brooklyn 2
TOP OF THE 7TH
Boston Patriots batting - Pitching for Brooklyn Dodgers : RHP Víctor García
Batting: LHB Timmy Appeldoorn 0-0: Ground out 4-3 (Groundball, 4)
Batting: RHB Eddie O'Bryan 0-0: Called Strike
0-1: Foul Ball, location: 2F
0-2: Ground out 4-3 (Groundball, 4)
Batting: LHB Ramón Félix 0-0: Called Strike
0-1: Ball
1-1: Ball
2-1: Called Strike
2-2: Strikes out looking
Top of the 7th over - 0 runs, 0 hits, 0 errors, 0 left on base; Boston 3 - Brooklyn 2
BOTTOM OF THE 7TH
Brooklyn Dodgers batting - Pitching for Boston Patriots : RHP José García
Batting: LHB Mysterious Walker 0-0: Ball
1-0: DOUBLE (Groundball, 3L)
Batting: LHB Jérôme Masson 0-0: Ball
1-0: Ball
2-0: Called Strike
2-1: Ball
3-1: SINGLE (Line Drive, 4)
Mysterious Walker to third
Pitching: RHP Jorge Aguirre
Batting: LHB Manuel Carmona 0-0: Called Strike
0-1: Foul Ball, location: 2F
0-2: Ball
1-2: Fly out, F9 (Line Drive, 89M)
Batting: RHB Brent Ryan 0-0: Foul Ball, location: 2F
0-1: Foul Ball, location: 2F
0-2: Ball
1-2: Strikes out swinging
Batting: RHB Ulbert Sutkamp 0-0: Ball
1-0: Called Strike
1-1: Fly out, F3 (Popup, 3F)
Bottom of the 7th over - 0 runs, 2 hits, 0 errors, 2 left on base; Boston 3 - Brooklyn 2
TOP OF THE 8TH
Boston Patriots batting - Pitching for Brooklyn Dodgers : RHP Víctor García
Pitching: RHP Luis Bejarano
Batting: RHB Tamasaburo Kato 0-0: Called Strike
0-1: Ball
1-1: Foul Ball, location: 2F
1-2: Strikes out swinging
Batting: RHB Tommy Jones 0-0: Called Strike
0-1: Ball
1-1: Ball
2-1: Foul Ball, location: 2F
2-2: Ball
3-2: Base on Balls
Batting: RHB Sotaro Sakata 0-0: Grounds into double play, 6-4-3 (Groundball, 6)
Top of the 8th over - 0 runs, 0 hits, 0 errors, 0 left on base; Boston 3 - Brooklyn 2
BOTTOM OF THE 8TH
Brooklyn Dodgers batting - Pitching for Boston Patriots : RHP Jorge Aguirre
Batting: SHB Juan Rivas 0-0: Ball
1-0: Foul Ball, location: 2F
1-1: Called Strike
1-2: Ball
2-2: Ground out U3 (Groundball, 3L)
Batting: RHB Chandler Bailey 0-0: Foul Ball, location: 2F
0-1: Foul Ball, location: 2F
0-2: Strikes out swinging
Batting: RHB Vincent Crane 0-0: Ball
1-0: Swinging Strike
1-1: Ball
2-1: Ball
3-1: Base on Balls
Batting: LHB Ki-tak Im 0-0: Called Strike
0-1: Ball
1-1: Called Strike
1-2: Strikes out swinging
Bottom of the 8th over - 0 runs, 0 hits, 0 errors, 1 left on base; Boston 3 - Brooklyn 2
TOP OF THE 9TH
Boston Patriots batting - Pitching for Brooklyn Dodgers : RHP Luis Bejarano
Batting: LHB Bill Chambers 0-0: Ball
1-0: Called Strike
1-1: Ball
2-1: Foul Ball, location: 2F
2-2: Foul Ball, location: 2F
2-2: Strikes out swinging
Batting: RHB Terry Armstrong 0-0: Foul Ball, location: 2F
0-1: Ball
1-1: Foul Ball, location: 2F
1-2: Ball
2-2: Foul Ball, location: 2F
2-2: Foul Ball, location: 2F
2-2: Ball
3-2: Fly out, F8 (Line Drive, 78D)
Batting: LHB Alberto Enríquez 0-0: SINGLE (Groundball, 4D)
Batting: LHB Timmy Appeldoorn 0-0: Ball
1-0: Ball
2-0: Ball
3-0: Base on Balls
Alberto Enríquez to second
Pinch Hitting: SHB Jorge Velázquez 0-0: Ball
1-0: SINGLE (Flyball, 89S)
Alberto Enríquez to third
Timmy Appeldoorn to second
Runner from 3rd tries for Home, SAFE, no throw
Batting: LHB Ramón Félix 0-0: Ball
1-0: Ball
2-0: Ball
3-0: Base on Balls
Timmy Appeldoorn to third
Jorge Velázquez to second
Batting: RHB Tamasaburo Kato 0-0: Swinging Strike
0-1: Ball
1-1: Foul Ball, location: 2F
1-2: Foul Ball, location: 2F
1-2: Ball
2-2: Strikes out swinging
Top of the 9th over - 1 run, 2 hits, 0 errors, 3 left on base; Boston 4 - Brooklyn 2
BOTTOM OF THE 9TH
Brooklyn Dodgers batting - Pitching for Boston Patriots : RHP Jorge Aguirre
Pitching: RHP Folkert van Huizen
Now at 3B: Miguel Márquez
Batting: LHB Mysterious Walker 0-0: Ball
1-0: Called Strike
1-1: Foul Ball, location: 2F
1-2: Ball
2-2: SINGLE (Groundball, 34D)
Batting: LHB Jérôme Masson 0-0: Ball
1-0: Foul Ball, location: 2F
1-1: Swinging Strike
1-2: Foul Ball, location: 2F
1-2: Foul Ball, location: 2F
1-2: Ball
2-2: Ball
3-2: Foul Ball, location: 2F
3-2: Foul Ball, location: 2F
3-2: Ground out U3 (Groundball, 3S)
Mysterious Walker to second
Batting: LHB Manuel Carmona 0-0: Ball
1-0: Ball
2-0: Called Strike
2-1: Fly out, F6 (Popup, 6)
Batting: RHB Brent Ryan 0-0: Ball
1-0: Ball
2-0: Called Strike
2-1: Ball
3-1: Base on Balls
Pitching: RHP Doug Carlton
Batting: RHB Ulbert Sutkamp 0-0: Swinging Strike
0-1: Swinging Strike
0-2: Foul Ball, location: 2F
0-2: Strikes out swinging
Bottom of the 9th over - 0 runs, 1 hit, 0 errors, 2 left on base; Boston 4 - Brooklyn 2
Tuesday, December 19th, 2017 - OOTP Baseball 18.8 Build 76